[Event "SRB-chT Men 1st League 2019"]
[Site "Subotica"]
[Date "2019.08.27"]
[Round "6.12"]
[White "Drazic, Sinisa"]
[Black "Munizaba, Slobodan"]
[Result "1/2-1/2"]
[ECO "A44"]
[WhiteElo "2379"]
[BlackElo "2428"]
[Annotator "NA"]
[PlyCount "107"]
[EventDate "2019.08.23"]
[EventType "team-tourn"]
[EventCountry "SRB"]
[SourceTitle "playchess.com"]
[Source "ChessBase"]
[SourceQuality "1"]
[TimeControl "40/5400+30:1800+30"]

1. d4 c5 2. d5 e5 3. e4 a6 4. Nf3 d6 5. Be2 g6 6. a4 h5 7. h4 Bh6 8. Nc3 Bxc1 9. Qxc1 Bg4 10. Ng5 Bxe2 11. Kxe2 Nd7 12. a5 Ngf6 13. Nd1 Nh7 14. Nxh7 Rxh7 15. Qg5 Qxg5 16. hxg5 f6 17. gxf6 Nxf6 18. f3 h4 19. Ne3 Nh5 20. Kd2 Ng3 21. Rh3 O-O-O 22. b4 cxb4 23. Rb1 g5 24. Rxb4 Rc7 25. c4 Rc5 26. Ra4 Kc7 27. Kd3 Rf8 28. Ra2 b6 29. axb6+ Kxb6 30. Kc3 Rfc8 31. Kd3 Ra5 32. Rxa5 Kxa5 33. Nf5 Nxf5 34. exf5 Kb4 35. f6 Rf8 36. f4 exf4 37. Rh1 Kc5 38. Ra1 Rxf6 39. Rxa6 Kb4 40. Rb6+ Ka5 41. c5 f3 42. gxf3 h3 43. Rb1 dxc5 44. Kc4 Rxf3 45. d6 g4 46. d7 Rf8 47. Kxc5 Ka6 48. Kc6 Rf6+ 49. Kc7 Rf7 50. Kc6 Rf6+ 51. Kc5 Rf8 52. Kc6 Rf6+ 53. Kc7 Rf7 54. Rb6+ 1/2-1/2

[Event "SRB-chT Men 1st League 2019"]
[Site "Subotica"]
[Date "2019.08.27"]
[Round "6.13"]
[White "Indjic, Aleksandar"]
[Black "Ponkratov, Pavel"]
[Result "1-0"]
[ECO "E35"]
[WhiteElo "2617"]
[BlackElo "2638"]
[Annotator "RC"]
[PlyCount "87"]
[EventDate "2019.08.23"]
[EventType "team-tourn"]
[EventCountry "SRB"]
[SourceTitle "playchess.com"]
[Source "ChessBase"]
[SourceQuality "1"]
[TimeControl "40/5400+30:1800+30"]

1. d4 Nf6 2. c4 e6 3. Nc3 Bb4 4. Qc2 d5 5. cxd5 exd5 6. Bg5 h6 7. Bh4 g5 8. Bg3 Nc6 9. e3 h5 10. Bd3 h4 11. Be5 Rh6 12. f4 Nh5 13. Nf3 g4 14. Ng5 Be7 15. O-O Nb4 16. Qa4+ Bd7 17. Bb5 c6 18. e4 cxb5 19. Qb3 Bc6 20. Rae1 Kf8 21. Re3 Be8 22. exd5 a5 23. d6 Rxd6 24. Nxb5 Rd5 25. Nc7 Rxe5 26. fxe5 Bxg5 27. Ne6+ Kg8 28. Nxd8 a4 29. Qxb4 Bxe3+ 30. Kh1 Rxd8 31. Qe7 Rc8 32. Qxb7 Rc6 33. Qb8 Kf8 34. Qb4+ Kg7 35. d5 Rg6 36. Rf5 a3 37. b3 Bg5 38. Qxg4 Kh6 39. Qb4 Ng7 40. Rf3 Kh7 41. Qxa3 Rb6 42. Qc5 Rb5 43. Qc4 Be7 44. Rxf7 1-0

[Event "SRB-chT Men 1st League 2019"]
[Site "Subotica"]
[Date "2019.08.27"]
[Round "6.14"]
[White "Pap, Misa"]
[Black "Ivic, Velimir"]
[Result "0-1"]
[ECO "B22"]
[WhiteElo "2454"]
[BlackElo "2511"]
[Annotator "ChessBase"]
[PlyCount "94"]
[EventDate "2019.08.23"]
[EventType "team-tourn"]
[EventCountry "SRB"]
[SourceTitle "playchess.com"]
[Source "ChessBase"]
[SourceQuality "1"]
[TimeControl "40/5400+30:1800+30"]

1. e4 c5 2. c3 Nf6 3. e5 Nd5 4. Nf3 Nc6 5. Bc4 Nb6 6. Bb3 d5 7. exd6 Qxd6 8. O-O Be6 9. Na3 Bxb3 10. Qxb3 Qd3 11. Re1 e6 12. Re3 Qd7 13. Nc4 Nxc4 14. Qxc4 Be7 15. b3 O-O 16. Bb2 Rad8 17. Rd1 b6 18. Qg4 Bf6 19. d3 h6 20. h4 g6 21. h5 g5 22. Nd2 Bg7 23. Qe2 Ne7 24. Nb1 Nd5 25. Rf3 Nf4 26. Qc2 Nxg2 27. d4 Nf4 28. Nd2 cxd4 29. cxd4 Ne2+ 30. Kf1 Nxd4 31. Bxd4 Qxd4 32. Ke2 Qe5+ 33. Re3 Qh2 34. Nf3 Qxh5 35. Rg1 g4 36. Nd2 Qb5+ 37. Qc4 Qxc4+ 38. bxc4 h5 39. Ne4 f5 40. Ng5 Bh6 41. Rxe6 Rfe8 42. Kf1 Kg7 43. Rxe8 Rxe8 44. Nf3 Re4 45. Ne1 Rxc4 46. Nd3 Rc3 47. Ke2 Rc2+ 0-1

[Event "SRB-chT Men 1st League 2019"]
[Site "Subotica"]
[Date "2019.08.27"]
[Round "6.16"]
[White "Arsovic, Zoran"]
[Black "Stojanovic, Mihajlo"]
[Result "0-1"]
[ECO "A11"]
[WhiteElo "2370"]
[BlackElo "2475"]
[Annotator "ChessBase"]
[PlyCount "76"]
[EventDate "2019.08.23"]
[EventType "team-tourn"]
[EventCountry "SRB"]
[SourceTitle "playchess.com"]
[Source "ChessBase"]
[SourceQuality "1"]
[TimeControl "40/5400+30:1800+30"]

1. Nf3 d5 2. g3 Nf6 3. Bg2 c6 4. O-O Bf5 5. c4 e6 6. cxd5 exd5 7. d3 Na6 8. Nc3 Be7 9. a3 d4 10. Ne4 O-O 11. Nxf6+ Bxf6 12. Bd2 Re8 13. a4 h6 14. Re1 Qd7 15. Qb3 Re7 16. Rac1 Rae8 17. Kf1 Bh3 18. Ng1 Bxg2+ 19. Kxg2 c5 20. Kf1 Bg5 21. Bxg5 hxg5 22. h3 b6 23. Qc4 Nb4 24. a5 Qf5 25. axb6 axb6 26. Ra1 Re3 27. g4 Qf6 28. Red1 R3e5 29. Ra7 R8e6 30. Rd7 Qf4 31. Kg2 Rxe2 32. Nxe2 Rxe2 33. Rf1 Nc2 34. Kg1 Ne1 35. Qd5 Re5 36. Qa8+ Kh7 37. Rd8 Nf3+ 38. Kg2 Qh2+ 0-1

[Event "SRB-chT Men 1st League 2019"]
[Site "Subotica"]
[Date "2019.08.27"]
[Round "6.17"]
[White "Vucinic, Gojko"]
[Black "Radlovacki, Jovan"]
[Result "1/2-1/2"]
[ECO "B12"]
[WhiteElo "2396"]
[BlackElo "2265"]
[Annotator "NA"]
[PlyCount "85"]
[EventDate "2019.08.23"]
[EventType "team-tourn"]
[EventCountry "SRB"]
[SourceTitle "playchess.com"]
[Source "ChessBase"]
[SourceQuality "1"]
[TimeControl "40/5400+30:1800+30"]

1. e4 c6 2. d4 d5 3. e5 Bf5 4. h4 h5 5. Bd3 Bxd3 6. Qxd3 e6 7. Bg5 Be7 8. Nf3 Nd7 9. c4 dxc4 10. Qxc4 Nh6 11. Nc3 Nf5 12. Rd1 Nb6 13. Qb3 O-O 14. g3 Qd7 15. Bxe7 Qxe7 16. O-O Rad8 17. Ne4 Rd7 18. Rd3 Nd5 19. a3 Rfd8 20. Re1 b6 21. Qa4 Rc7 22. Rc1 Rdc8 23. Rd2 a5 24. Rdc2 Qd7 25. Qc4 Nde7 26. Rd2 Rf8 27. Nfg5 Nd5 28. Qe2 f6 29. Qxh5 fxg5 30. Nxg5 Nh6 31. Qg6 Rf5 32. Nxe6 Rf6 33. Qxg7+ Qxg7 34. Nxg7 Rg6 35. Ne8 Rf7 36. Nd6 Rf3 37. Rxc6 Ng4 38. Re2 Nf4 39. Rc8+ Kh7 40. Rc7+ Kg8 41. Rc8+ Kh7 42. Rec2 Rg7 43. Ne4 1/2-1/2

[Event "SRB-chT Men 1st League 2019"]
[Site "Subotica"]
[Date "2019.08.27"]
[Round "6.18"]
[White "Sredojevic, Ivan"]
[Black "Damjanovic, Vuk"]
[Result "0-1"]
[ECO "B19"]
[WhiteElo "2232"]
[BlackElo "2246"]
[Annotator "NA"]
[PlyCount "122"]
[EventDate "2019.08.23"]
[EventType "team-tourn"]
[EventCountry "SRB"]
[SourceTitle "playchess.com"]
[Source "ChessBase"]
[SourceQuality "1"]
[TimeControl "40/5400+30:1800+30"]

1. e4 c6 2. d4 d5 3. Nc3 dxe4 4. Nxe4 Bf5 5. Ng3 Bg6 6. h4 h6 7. Nf3 Nd7 8. h5 Bh7 9. Bd3 Bxd3 10. Qxd3 e6 11. Bd2 Ngf6 12. O-O-O Be7 13. Qe2 O-O 14. Ne5 c5 15. Nxd7 Qxd7 16. dxc5 Qa4 17. Kb1 Bxc5 18. Bc3 Nd5 19. Rxd5 exd5 20. Qe5 Qg4 21. Nf5 d4 22. Bd2 Qxg2 23. Rh3 Bd6 24. Qxd4 Rae8 25. Rg3 Qh1+ 26. Bc1 Be5 27. Rxg7+ Kh8 28. Qg4 Rg8 29. Rxg8+ Rxg8 30. Qb4 Qxh5 31. Nxh6 Rg1 32. Qe4 Rxc1+ 33. Kxc1 Qxh6+ 34. Kd1 Qd6+ 35. Ke2 Qe7 36. Kf1 Bf6 37. Qf5 b6 38. b4 Qe5 39. Qh3+ Kg7 40. Qg4+ Qg5 41. Qe4 Qe5 42. Qg4+ Bg5 43. c4 Qf4 44. Qe2 Kg6 45. Qd3+ Qf5 46. Qd6+ f6 47. c5 Qb1+ 48. Kg2 Qe4+ 49. Kf1 Qxb4 50. Qd3+ f5 51. c6 Qc5 52. Qd7 Bf4 53. Qe6+ Kg5 54. Qg8+ Kf6 55. Qh8+ Ke6 56. Qg8+ Ke5 57. Qb8+ Ke4 58. Qb7 Qd5 59. Qe7+ Be5 60. Qh7 Qc4+ 61. Kg2 Qxc6 0-1

[Event "SRB-chT Men 1st League 2019"]
[Site "Subotica"]
[Date "2019.08.28"]
[Round "7.6"]
[White "Damjanovic, Vuk"]
[Black "Besedes, Danilo"]
[Result "1/2-1/2"]
[ECO "D35"]
[WhiteElo "2246"]
[BlackElo "2249"]
[Annotator "NA"]
[PlyCount "139"]
[EventDate "2019.08.23"]
[EventType "team-tourn"]
[EventCountry "SRB"]
[SourceTitle "playchess.com"]
[Source "ChessBase"]
[SourceQuality "1"]
[TimeControl "40/5400+30:1800+30"]

1. d4 d5 2. c4 e6 3. Nc3 Nf6 4. cxd5 exd5 5. Bg5 c6 6. e3 Bf5 7. Qf3 Bg6 8. Bxf6 Qxf6 9. Qxf6 gxf6 10. Nf3 a5 11. Kd2 a4 12. Bd3 a3 13. b3 Bb4 14. Rhc1 Nd7 15. Nh4 Rg8 16. g3 Nb6 17. Nf5 Nc8 18. Ke2 Bxf5 19. Bxf5 Nd6 20. Bd3 f5 21. f3 Kd7 22. Kf2 Rae8 23. Rc2 Re6 24. Rac1 Rh6 25. Kg2 Re6 26. Kf2 Rh6 27. h4 Rf6 28. Be2 f4 29. gxf4 Rfg6 30. Bf1 Rh6 31. Bh3+ Ke7 32. Ne2 Rxh4 33. Rh1 Rg6 34. Bg2 Nf5 35. Rxh4 Nxh4 36. Bh3 Kd6 37. e4 Rg8 38. f5 Rg5 39. Nf4 dxe4 40. fxe4 Ba5 41. f6 Bb6 42. Rc4 Re5 43. Ke3 Rg5 44. Kd3 Rg3+ 45. Kc2 Bxd4 46. Rxd4+ Ke5 47. Rb4 Kxf4 48. e5+ Kg5 49. Rxb7 Rxh3 50. Rxf7 Re3 51. Rg7+ Kh6 52. Rg8 Ng6 53. f7 Nf8 54. Rxf8 Kg7 55. Rh8 Kxf7 56. Rxh7+ Ke6 57. Rh6+ Kd5 58. Rd6+ Kc5 59. Rd3 Rxe5 60. Kc3 Re4 61. Rh3 Kb5 62. Rh8 Re3+ 63. Kd2 Rg3 64. Rh2 c5 65. Kc2 Rf3 66. Rg2 Rf1 67. Rh2 Rf4 68. Kc3 Rg4 69. Rf2 Rg1 70. Rh2 1/2-1/2

[Event "SRB-chT Men 1st League 2019"]
[Site "Subotica"]
[Date "2019.08.28"]
[Round "7.12"]
[White "Jandric, Damjan"]
[Black "Ostojic, Nikola"]
[Result "1/2-1/2"]
[ECO "B11"]
[WhiteElo "2183"]
[BlackElo "2432"]
[Annotator "NA"]
[PlyCount "91"]
[EventDate "2019.08.23"]
[EventType "team-tourn"]
[EventCountry "SRB"]
[SourceTitle "playchess.com"]
[Source "ChessBase"]
[SourceQuality "1"]
[TimeControl "40/5400+30:1800+30"]

1. e4 c6 2. Nf3 d5 3. Nc3 Bg4 4. h3 Bxf3 5. Qxf3 e6 6. d3 Nf6 7. Bd2 Nbd7 8. g4 d4 9. Nd1 Bd6 10. Bg2 Ne5 11. Qg3 Nc4 12. Bf4 Bxf4 13. Qxf4 e5 14. Qg3 Qa5+ 15. Ke2 Nb6 16. b4 Qxb4 17. Qxe5+ Qe7 18. Qxe7+ Kxe7 19. f4 h6 20. a4 g5 21. a5 Nbd7 22. Ra4 gxf4 23. Rxd4 c5 24. Ra4 Ne5 25. Rf1 Rag8 26. Rxf4 h5 27. Rf5 Nfd7 28. Bf3 hxg4 29. Bxg4 Nxg4 30. hxg4 Rxg4 31. Ne3 Rg1 32. Ra2 Rh2+ 33. Rf2 Rxf2+ 34. Kxf2 Rb1 35. Nc4 Ke6 36. Rb2 Rxb2 37. Nxb2 f5 38. Ke3 fxe4 39. Kxe4 Nf6+ 40. Ke3 Kd5 41. Kd2 Kc6 42. Kc3 Kb5 43. Nc4 Nd5+ 44. Kb3 Nb4 45. Nd6+ Kc6 46. Nc4 1/2-1/2

[Event "SRB-chT Men 1st League 2019"]
[Site "Subotica"]
[Date "2019.08.29"]
[Round "8.3"]
[White "Miladinovic, Igor"]
[Black "Damljanovic, Branko"]
[Result "1-0"]
[ECO "A45"]
[WhiteElo "2532"]
[BlackElo "2483"]
[Annotator "ChessBase"]
[PlyCount "65"]
[EventDate "2019.08.23"]
[EventType "team-tourn"]
[EventCountry "SRB"]
[SourceTitle "playchess.com"]
[Source "ChessBase"]
[SourceQuality "1"]
[TimeControl "40/5400+30:1800+30"]

1. d4 Nf6 2. Bg5 c5 3. Nc3 cxd4 4. Qxd4 Nc6 5. Qh4 e6 6. e4 h6 7. O-O-O a6 8. f4 Rg8 9. Bxf6 Qxf6 10. Qf2 g5 11. g3 Be7 12. Nge2 d6 13. Bh3 gxf4 14. gxf4 Bd7 15. Qb6 Qh4 16. Rd3 Bd8 17. Qxb7 Rb8 18. Qxa6 Nb4 19. Qxd6 Nxd3+ 20. Qxd3 Bc7 21. Rf1 Rd8 22. Qf3 Bc6 23. Qe3 Bb7 24. Kb1 Ba6 25. a4 Bb6 26. Qxb6 Bxe2 27. Qc6+ Kf8 28. Qc5+ Ke8 29. Nxe2 Qxh3 30. Ng3 h5 31. Ka2 Rh8 32. Rf3 f6 33. Nf5 1-0

[Event "SRB-chT Men 1st League 2019"]
[Site "Subotica"]
[Date "2019.08.29"]
[Round "8.4"]
[White "Tadic, Branko"]
[Black "Miljkovic, Miroslav D"]
[Result "1-0"]
[ECO "D06"]
[WhiteElo "2488"]
[BlackElo "2483"]
[Annotator "ChessBase"]
[PlyCount "145"]
[EventDate "2019.08.23"]
[EventType "team-tourn"]
[EventCountry "SRB"]
[SourceTitle "playchess.com"]
[Source "ChessBase"]
[SourceQuality "1"]
[TimeControl "40/5400+30:1800+30"]

1. Nf3 d5 2. d4 Bf5 3. c4 e6 4. Nc3 Nc6 5. Bf4 Bd6 6. Bxd6 Qxd6 7. cxd5 exd5 8. e3 Nf6 9. Rc1 O-O 10. a3 a6 11. Be2 Ne7 12. Nh4 c6 13. Na4 Ne4 14. Nc5 Nxc5 15. Rxc5 Qf6 16. g3 Nc8 17. Nxf5 Qxf5 18. Bd3 Qf6 19. Qh5 g6 20. Qh6 Re8 21. O-O Nd6 22. b4 Ne4 23. Rc2 Re6 24. a4 Qe7 25. Rb1 Nd6 26. Rc5 Rd8 27. b5 axb5 28. axb5 Nxb5 29. Bxb5 cxb5 30. Rcxb5 Rd7 31. Qf4 Kg7 32. Qf3 Rf6 33. Qd1 Rc6 34. Qf3 Rf6 35. Qg2 Rfd6 36. h4 h5 37. R1b2 Kh7 38. Kh2 Kg7 39. Qh1 g5 40. hxg5 Qxg5 41. Qg2 Rg6 42. Rxb7 Rxb7 43. Rxb7 h4 44. g4 Qxg4 45. Qxg4 Rxg4 46. Kh3 Rg5 47. Kxh4 Rg2 48. Rb2 Kf6 49. Kh3 Rg1 50. Kh2 Rg8 51. Rb1 Ke6 52. Rg1 Rh8+ 53. Kg2 Rg8+ 54. Kf1 Rh8 55. Ke2 f6 56. Ra1 Rh3 57. Ra6+ Ke7 58. Kf1 Rh1+ 59. Kg2 Rh5 60. Kg3 Rg5+ 61. Kf4 Rg2 62. Ra2 Ke6 63. e4 dxe4 64. Kxe4 Rg4+ 65. Ke3 Rg1 66. Ra6+ Ke7 67. Ke4 Re1+ 68. Kf5 Rd1 69. Re6+ Kd7 70. Re4 Rd3 71. f4 Kd6 72. Kxf6 Kd5 73. Re8 1-0

[Event "SRB-chT Men 1st League 2019"]
[Site "Subotica"]
[Date "2019.08.29"]
[Round "8.5"]
[White "Lazic, Miroljub"]
[Black "Nestorovic, Nikola"]
[Result "1-0"]
[ECO "A12"]
[WhiteElo "2387"]
[BlackElo "2468"]
[Annotator "ChessBase"]
[PlyCount "107"]
[EventDate "2019.08.23"]
[EventType "team-tourn"]
[EventCountry "SRB"]
[SourceTitle "playchess.com"]
[Source "ChessBase"]
[SourceQuality "1"]
[TimeControl "40/5400+30:1800+30"]

1. Nf3 d5 2. b3 Bg4 3. e3 Nf6 4. Bb2 e6 5. h3 Bh5 6. Be2 Nbd7 7. c4 c6 8. d3 h6 9. Nbd2 Bd6 10. d4 Bg6 11. O-O O-O 12. Ne5 Bh7 13. Bd3 Bxd3 14. Nxd3 a5 15. Qc2 a4 16. Ne5 Bb4 17. Nxd7 Qxd7 18. Bc3 Qe7 19. Rfb1 a3 20. Rc1 Bd6 21. Rab1 e5 22. c5 Bc7 23. dxe5 Nd7 24. Bd4 Bxe5 25. Nf3 Bxd4 26. exd4 Qf6 27. b4 g5 28. Re1 Rfe8 29. Qd2 Re4 30. Rb3 Qf4 31. Qxf4 gxf4 32. b5 Ra4 33. bxc6 bxc6 34. Kf1 Rxe1+ 35. Kxe1 Kf8 36. Kd2 Ke7 37. Kd3 Kd8 38. Ne1 Nf8 39. Nc2 Ne6 40. Rxa3 Rxa3+ 41. Nxa3 f3 42. g3 Ng5 43. Ke3 Nxh3 44. Kxf3 Ng5+ 45. Ke3 Ne4 46. Nc2 Nc3 47. Nb4 Kc7 48. g4 f6 49. f3 Kd7 50. Kd3 Nb5 51. a4 Na7 52. Nc2 f5 53. Ne3 fxg4 54. Nxg4 1-0

[Event "SRB-chT Men 1st League 2019"]
[Site "Subotica"]
[Date "2019.08.29"]
[Round "8.6"]
[White "Ostojic, Nikola"]
[Black "Laketic, Gojko"]
[Result "0-1"]
[ECO "A07"]
[WhiteElo "2432"]
[BlackElo "2376"]
[Annotator "NA"]
[PlyCount "39"]
[EventDate "2019.08.23"]
[EventType "team-tourn"]
[EventCountry "SRB"]
[SourceTitle "playchess.com"]
[Source "ChessBase"]
[SourceQuality "1"]
[TimeControl "40/5400+30:1800+30"]

1. Nf3 d5 2. g3 c6 3. Bg2 Bg4 4. d3 Nd7 5. Nbd2 e6 6. O-O Ngf6 7. h3 Bh5 8. Qe1 Bb4 9. a3 Ba5 10. b4 Bc7 11. Bb2 O-O 12. e4 Nb6 13. a4 a5 14. Nb3 dxe4 15. dxe4 axb4 16. g4 Bg6 17. a5 Nc4 18. Bxf6 Qxf6 19. Nc5 Ne5 20. Qe3 0-1

[Event "SRB-chT Men 1st League 2019"]
[Site "Subotica"]
[Date "2019.08.29"]
[Round "8.8"]
[White "Ratkovic, Miloje"]
[Black "Berkes, Ferenc"]
[Result "0-1"]
[ECO "D30"]
[WhiteElo "2431"]
[BlackElo "2666"]
[Annotator "RC"]
[PlyCount "90"]
[EventDate "2019.08.23"]
[EventType "team-tourn"]
[EventCountry "SRB"]
[SourceTitle "playchess.com"]
[Source "ChessBase"]
[SourceQuality "1"]
[TimeControl "40/5400+30:1800+30"]

1. d4 d5 2. c4 e6 3. Nf3 Nf6 4. e3 a6 5. Nbd2 c5 6. b3 cxd4 7. exd4 Nc6 8. Bb2 g6 9. Ne5 Bg7 10. Nxc6 bxc6 11. Ba3 Ne4 12. Nxe4 Qa5+ 13. Qd2 Qxa3 14. cxd5 exd5 15. Nc5 O-O 16. Be2 Rb8 17. O-O Rb4 18. Qc1 Qa5 19. a3 Rxd4 20. b4 Qb6 21. Ra2 Re8 22. Rc2 Bf5 23. Ra2 h5 24. Nb3 Rde4 25. Bd3 Rxb4 26. axb4 Bxd3 27. Re1 Rxe1+ 28. Qxe1 Bc4 29. Ra3 Bf8 30. Nc5 Bxc5 31. bxc5 Qxc5 32. Re3 d4 33. Re8+ Kg7 34. Rd8 Be6 35. h4 a5 36. Qa1 Qc3 37. Qb1 a4 38. Qb8 d3 39. Rh8 d2 40. Qf8+ Kf6 41. Qd8+ Ke5 42. Kh2 Qd4 43. Qa5+ c5 44. Qc7+ Kf5 45. Qd8 d1=Q 0-1

[Event "SRB-chT Men 1st League 2019"]
[Site "Subotica"]
[Date "2019.08.29"]
[Round "8.10"]
[White "Popov, Sinisa S"]
[Black "Cabarkapa, Novak"]
[Result "0-1"]
[ECO "E62"]
[WhiteElo "2440"]
[BlackElo "2434"]
[Annotator "NA"]
[PlyCount "94"]
[EventDate "2019.08.23"]
[EventType "team-tourn"]
[EventCountry "SRB"]
[SourceTitle "playchess.com"]
[Source "ChessBase"]
[SourceQuality "1"]
[TimeControl "40/5400+30:1800+30"]

1. d4 Nf6 2. c4 g6 3. Nf3 Bg7 4. g3 O-O 5. Bg2 d6 6. O-O Nc6 7. Nc3 Bg4 8. Ne1 Qc8 9. Nc2 e5 10. d5 Ne7 11. f3 Bd7 12. e4 Ne8 13. Be3 f5 14. Qd2 Nf6 15. c5 Qe8 16. Kh1 Nh5 17. Ne2 Bb5 18. Na3 Ba6 19. b3 f4 20. Bf2 fxg3 21. hxg3 Bh6 22. Qc2 dxc5 23. Nc4 b6 24. Qc3 Bg7 25. Rad1 Nc8 26. Bh3 Nd6 27. Be6+ Kh8 28. g4 Nf4 29. Nxf4 exf4 30. e5 Nxc4 31. bxc4 Bc8 32. Rfe1 Bxe6 33. dxe6 Qxe6 34. Bh4 Rae8 35. Bf6 Kg8 36. Kg2 Qf7 37. g5 Re6 38. Rd5 c6 39. Rd3 Rfe8 40. Re4 h6 41. Qd2 Bxf6 42. gxf6 Rxe5 43. Rd8 R5e6 44. Qd3 Kf8 45. Rxe8+ Qxe8 46. Rxf4 Kf7 47. Rh4 h5 0-1

[Event "SRB-chT Men 1st League 2019"]
[Site "Subotica"]
[Date "2019.08.29"]
[Round "8.11"]
[White "Lukovic, Vladimir"]
[Black "Budisavljevic, Luka"]
[Result "1/2-1/2"]
[ECO "B30"]
[WhiteElo "2420"]
[BlackElo "2359"]
[Annotator "NA"]
[PlyCount "87"]
[EventDate "2019.08.23"]
[EventType "team-tourn"]
[EventCountry "SRB"]
[SourceTitle "playchess.com"]
[Source "ChessBase"]
[SourceQuality "1"]
[TimeControl "40/5400+30:1800+30"]

1. e4 c5 2. Nf3 Nc6 3. Bb5 e6 4. O-O Nge7 5. Re1 a6 6. Bxc6 Nxc6 7. d4 cxd4 8. Nxd4 Qc7 9. Nc3 Bd6 10. h3 O-O 11. a4 Nxd4 12. Qxd4 Be5 13. Qd3 b6 14. Bd2 f5 15. f4 Bxf4 16. Bxf4 Qxf4 17. Rf1 Qe5 18. exf5 Qc5+ 19. Kh1 Rxf5 20. Rxf5 Qxf5 21. Qxf5 exf5 22. Nd5 Bb7 23. Ne7+ Kh8 24. Nxf5 Rf8 25. Nd6 Bc6 26. Kg1 Rf4 27. b3 Rd4 28. Nc4 g6 29. Re1 b5 30. axb5 axb5 31. Ne5 Bb7 32. Re2 Kg7 33. Kf2 Rd5 34. Nd3 Kf6 35. Ke3 Rg5 36. Rf2+ Ke7 37. g4 h5 38. gxh5 Rxh5 39. Nf4 Rg5 40. Kd4 Kd6 41. Nd3 Bc6 42. c4 bxc4 43. bxc4 Rh5 44. Rf6+ {[%emt 0:00:30] Kd5+ Ke4+ Ke5+} 1/2-1/2

[Event "SRB-chT Men 1st League 2019"]
[Site "Subotica"]
[Date "2019.08.29"]
[Round "8.12"]
[White "Bodiroga, Predrag"]
[Black "Zegarac, Vuk"]
[Result "0-1"]
[ECO "A32"]
[WhiteElo "2330"]
[BlackElo "2310"]
[Annotator "NA"]
[PlyCount "42"]
[EventDate "2019.08.23"]
[EventType "team-tourn"]
[EventCountry "SRB"]
[SourceTitle "playchess.com"]
[Source "ChessBase"]
[SourceQuality "1"]
[TimeControl "40/5400+30:1800+30"]

1. d4 Nf6 2. Nf3 e6 3. c4 c5 4. e3 cxd4 5. Nxd4 Bb4+ 6. Bd2 Be7 7. Nc3 Nc6 8. Nf3 a6 9. Be2 O-O 10. O-O Qc7 11. Rc1 b6 12. a3 Bb7 13. Qb3 Na5 14. Qa2 Rac8 15. b3 Ng4 16. g3 Qc6 17. h3 f5 18. Rcd1 Bf6 19. Rfe1 Ne5 20. e4 fxe4 21. Nxe5 Bxe5 0-1

[Event "SRB-chT Men 1st League 2019"]
[Site "Subotica"]
[Date "2019.08.29"]
[Round "8.14"]
[White "Nenezic, Marko"]
[Black "Ivic, Velimir"]
[Result "1-0"]
[ECO "D85"]
[WhiteElo "2522"]
[BlackElo "2511"]
[Annotator "ChessBase"]
[PlyCount "67"]
[EventDate "2019.08.23"]
[EventType "team-tourn"]
[EventCountry "SRB"]
[SourceTitle "playchess.com"]
[Source "ChessBase"]
[SourceQuality "1"]
[TimeControl "40/5400+30:1800+30"]

1. d4 Nf6 2. c4 g6 3. Nc3 d5 4. Nf3 Bg7 5. cxd5 Nxd5 6. e4 Nxc3 7. bxc3 c5 8. Be3 Qa5 9. Qd2 O-O 10. Rc1 Bg4 11. Be2 Nd7 12. d5 b5 13. O-O a6 14. h3 Bxf3 15. Bxf3 c4 16. Rfd1 Qa3 17. Bg5 Rfe8 18. d6 Ne5 19. Bxe7 Nd3 20. e5 Rab8 21. e6 fxe6 22. Bc6 Rxe7 23. dxe7 Qxe7 24. Rc2 Rf8 25. Qe3 Be5 26. Be4 Bf4 27. Qe2 Nc5 28. g3 Bc7 29. Kg2 Bb6 30. Qg4 Qf6 31. Rd6 Bc7 32. Rc6 Qe7 33. Bxg6 Bd6 34. Bh5+ 1-0

[Event "SRB-chT Men 1st League 2019"]
[Site "Subotica"]
[Date "2019.08.29"]
[Round "8.16"]
[White "Vuckovic, Bojan"]
[Black "Stojanovic, Mihajlo"]
[Result "1/2-1/2"]
[ECO "C10"]
[WhiteElo "2581"]
[BlackElo "2475"]
[Annotator "ChessBase"]
[PlyCount "25"]
[EventDate "2019.08.23"]
[EventType "team-tourn"]
[EventCountry "SRB"]
[SourceTitle "playchess.com"]
[Source "ChessBase"]
[SourceQuality "1"]
[TimeControl "40/5400+30:1800+30"]

1. e4 e6 2. d4 d5 3. Nc3 Nf6 4. Bg5 dxe4 5. Nxe4 Nbd7 6. Nf3 h6 7. Nxf6+ Nxf6 8. Be3 Bd6 9. Bd3 O-O 10. Qe2 b6 11. Rg1 Bb7 12. O-O-O Nd5 13. Kb1 1/2-1/2

[Event "SRB-chT Men 1st League 2019"]
[Site "Subotica"]
[Date "2019.08.29"]
[Round "8.17"]
[White "Vucinic, Gojko"]
[Black "Roganovic, Milos"]
[Result "0-1"]
[ECO "C84"]
[WhiteElo "2396"]
[BlackElo "2505"]
[Annotator "ChessBase"]
[PlyCount "94"]
[EventDate "2019.08.23"]
[EventType "team-tourn"]
[EventCountry "SRB"]
[SourceTitle "playchess.com"]
[Source "ChessBase"]
[SourceQuality "1"]
[TimeControl "40/5400+30:1800+30"]

1. e4 e5 2. Nf3 Nc6 3. Bb5 a6 4. Ba4 Nf6 5. O-O Be7 6. d3 b5 7. Bb3 O-O 8. a3 d5 9. exd5 Nxd5 10. Re1 Bg4 11. h3 Bh5 12. g4 Bg6 13. Nxe5 Nxe5 14. Rxe5 c6 15. Nc3 Bf6 16. Rxd5 cxd5 17. Nxd5 Kh8 18. Be3 Bxb2 19. Ra2 Bf6 20. f4 h6 21. Qf3 Bh7 22. a4 b4 23. Bc5 Re8 24. Bxb4 Bd4+ 25. Kg2 Rb8 26. c3 Bxc3 27. Nxc3 Rxb4 28. Bxf7 Rf8 29. Bc4 Bg8 30. Nd5 Bxd5 31. Qxd5 Qxd5+ 32. Bxd5 Rfxf4 33. Bc4 a5 34. Bb5 g6 35. Rc2 Kg7 36. Be8 Rb7 37. Bb5 Re7 38. Rb2 Kf6 39. Bc6 Rd4 40. Bb5 Kg5 41. Rc2 Rf4 42. Rd2 Re3 43. d4 Kh4 44. d5 Rg3+ 45. Kh2 Rxh3+ 46. Kg2 Rxg4+ 47. Kf1 Rh1+ 0-1

[Event "SRB-chT Men 1st League 2019"]
[Site "Subotica"]
[Date "2019.08.29"]
[Round "8.18"]
[White "Bogosavljevic, Boban"]
[Black "Damjanovic, Vuk"]
[Result "1-0"]
[ECO "A11"]
[WhiteElo "2516"]
[BlackElo "2246"]
[Annotator "ChessBase"]
[PlyCount "81"]
[EventDate "2019.08.23"]
[EventType "team-tourn"]
[EventCountry "SRB"]
[SourceTitle "playchess.com"]
[Source "ChessBase"]
[SourceQuality "1"]
[TimeControl "40/5400+30:1800+30"]

1. Nf3 d5 2. g3 c6 3. Bg2 Bg4 4. c4 e6 5. O-O Nf6 6. h3 Bxf3 7. Bxf3 Be7 8. Qc2 O-O 9. Bg2 Nbd7 10. d3 a5 11. Nc3 d4 12. Nb1 a4 13. Nd2 Nc5 14. Nf3 Re8 15. Bd2 Bf8 16. b4 axb3 17. axb3 Na6 18. Qb2 e5 19. b4 Qd6 20. Rfb1 Nc7 21. Ra5 Rxa5 22. bxa5 Na6 23. Ng5 Nd7 24. Ne4 Qc7 25. Kh2 Rb8 26. f4 f6 27. fxe5 fxe5 28. c5 Naxc5 29. Qa2+ Kh8 30. Ng5 h6 31. Nf7+ Kh7 32. Rf1 g6 33. Bb4 Bg7 34. h4 b6 35. h5 bxa5 36. hxg6+ Kxg6 37. Bxc5 Nxc5 38. Qc4 Qe7 39. Qxc5 Qxc5 40. Be4+ Kh5 41. Kh3 1-0

[Event "SRB-chT Men 1st League 2019"]
[Site "Subotica"]
[Date "2019.08.30"]
[Round "9.2"]
[White "Ivic, Velimir"]
[Black "Perunovic, Milos"]
[Result "0-1"]
[ECO "B49"]
[WhiteElo "2511"]
[BlackElo "2569"]
[Annotator "ChessBase"]
[PlyCount "54"]
[EventDate "2019.08.23"]
[EventType "team-tourn"]
[EventCountry "SRB"]
[SourceTitle "playchess.com"]
[Source "ChessBase"]
[SourceQuality "1"]
[TimeControl "40/5400+30:1800+30"]

1. e4 c5 2. Nf3 e6 3. d4 cxd4 4. Nxd4 Nc6 5. Nc3 Qc7 6. Be3 a6 7. Be2 b5 8. Nxc6 Qxc6 9. Qd4 Bb7 10. f3 Rc8 11. a4 b4 12. Nd1 Qc7 13. a5 Nf6 14. c3 d5 15. e5 Nd7 16. f4 Nc5 17. Ra2 bxc3 18. Nxc3 Be7 19. f5 Qd7 20. Qg4 exf5 21. Qxg7 Rf8 22. Ra1 d4 23. Rd1 Ne6 24. Qxh7 Qc7 25. Bxd4 Nxd4 26. Rxd4 Qxe5 27. Rd2 Rh8 0-1